 Dungeon Crawl Stone Soup version 0.31-a0-18-gea43df2a32 (webtiles) character file.

Game seed: 9391360748681586406

8739 Dittersdorf the Protected (level 11, -4/72 HPs)
             Began as a Gargoyle Fighter on May 10, 2023.
             Was an Elder of the Shining One.
             Slain by a gnoll sergeant
             ... wielding a +0 bardiche
              (10 damage)
             ... in a bailey.
             The game lasted 00:17:38 (9874 turns).

Dittersdorf the Protected (Gargoyle Fighter)        Turns: 9874, Time: 00:17:38

Health: -4/72      AC: 24    Str: 24    XL:     11   Next: 35%
Magic:  11/11      EV: 13    Int:  9    God:    the Shining One [****..]
Gold:   270        SH: 12    Dex:  9    Spells: 10/10 levels left

rFire   . . .        h - +4 morningstar
rCold   . . .        c - +0 buckler
rNeg    + + +        B - +0 chain mail
rPois   ∞            (no helmet)
rElec   +            f - +0 cloak
rCorr   +            e - +0 pair of gloves
SInv    .            x - +0 pair of boots
Will    .....        b - amulet of faith Stlth
                     j - ring of resist corrosion
HPRegen 0.32/turn    l - +5 ring of evasion
MPRegen 0.12/turn

%: faith
@: divinely shielded, glowing, studying Conjurations
A: sickness immunity, AC +8, negative energy resistance 1, electricity
resistance, torment resistance 1, petrification resistance
a: Renounce Religion, Divine Shield, Cleansing Flame


You were in a bailey.
You worshipped the Shining One.
The Shining One was greatly pleased with you.
You visited 1 branch of the dungeon, and saw 10 of its levels.
You also visited: Sewer and Bailey.

You collected 562 gold pieces.
You spent 292 gold pieces at shops.

Inventory:

Hand Weapons
 h - a +4 morningstar (weapon)
Missiles
 o - 9 throwing nets (quivered)
Armour
 c - a +0 buckler (worn)
 e - a +0 pair of gloves (worn)
 f - a +0 cloak (worn)
 x - a +0 pair of boots (worn)
 A - a +0 plate armour
 B - a +0 chain mail (worn)
Jewellery
 b - an amulet of faith (around neck)
 j - a ring of resist corrosion (left hand)
 l - a +5 ring of evasion (right hand)
 C - a ring of fire
Wands
 u - a wand of roots (9)
Scrolls
 a - 4 scrolls of fog
 k - 4 scrolls of blinking
 m - 5 scrolls of teleportation
 p - 2 scrolls of butterflies
 y - a scroll of fear
Potions
 d - 3 potions of might
 g - a potion of brilliance
 i - a potion of ambrosia
 n - 4 potions of haste
 q - 3 potions of mutation
 r - 5 potions of heal wounds
 s - a potion of curing
 t - a potion of berserk rage
 v - a potion of flight
 w - a potion of cancellation
 z - a potion of attraction


   Skills:
 + Level 10.1 Fighting
 + Level 9.0 Maces & Flails
 + Level 10.2 Armour
 + Level 10.1 Shields


You had 10 spell levels left.
You didn't know any spells.
Your spell library contained the following spells:

 Spells                   Type           Power      Damage    Failure   Level
 Magic Dart               Conj           0%         1d3       89%         1
 Slow                     Hex            0%         N/A       89%         1
 Summon Small Mammal      Summ           0%         N/A       89%         1
 Call Imp                 Summ           0%         N/A       96%         2
 Call Canine Familiar     Summ           0%         N/A       99%         3
 Confusing Touch          Hex            0%         N/A       99%         3
 Mephitic Cloud           Conj/Pois/Air  0%         N/A       99%         3
 Summon Guardian Golem    Hex/Summ       0%         N/A       99%         3
 Vampiric Draining        Necr           0%         2d6       99%         3


Dungeon Overview and Level Annotations

Branches:
Dungeon (10/15)            Temple (0/1) D:5           Sewer (visited)
 Bailey (1/1)
   Lair: D:8-11         Orc: D:9-12

Altars:
Ashenzari
Cheibriados
Dithmenos
Elyvilon
Gozag
Hepliaklqana
Kikubaaqudgha
Nemelex Xobeh
Okawaru
Qazlal
Trog
Uskayaw
Wu Jian
Xom
Yredelemnul
The Shining One

Shops:
D:1 (   D:6 :(*!

Annotations:
D:4 3 runed translucent doors, IdlyInterested's ghost, novice DsWn
D:9 3 runed translucent doors, Sleet's ghost, novice MiFi Bailey Grum


Innate Abilities, Weirdness & Mutations

You are immune to sickness and miasma.
Your stone body is resilient. (AC +8)
You are immune to poison.
You resist negative energy. (rN+)
You are resistant to electric shocks. (rElec)
You are resistant to unholy torment.
You are immune to petrification.


Message History

You are too injured to fight recklessly!
You are too injured to fight recklessly!
You are too injured to fight recklessly!
You are too injured to fight recklessly!
You are too injured to fight recklessly!
Your shield is strengthened by the Shining One's divine power.
The gnoll is no longer moving quickly.
You block Grum's attack.
The gnoll bouda barks out a call to the hunt!
The gnoll picks up the pace!
You block the gnoll's attack. The gnoll sergeant misses you.
You are confused.
You feel invigorated.
The gnoll sergeant is no longer moving quickly.
Grum closely misses you. Grum misses you.
The gnoll bouda barks out a call to the hunt!
The gnoll sergeant picks up the pace!
The gnoll hits you with a +0 spear.
The gnoll sergeant hits you with a +0 bardiche!
* * * LOW HITPOINT WARNING * * *
You bludgeon Grum!!
Grum is severely wounded.
Grum barely misses you. The gnoll bouda misses you.
The gnoll closely misses you.
The gnoll sergeant hits you with a +0 bardiche.
* * * LOW HITPOINT WARNING * * *
You bump into the stone wall.
You feel less invigorated.
You feel less confused. Grum hits you with a +0 spear.
Grum hits you with a +0 spear!
* * * LOW HITPOINT WARNING * * *
The gnoll bouda hits you from afar with a +0 trident.
* * * LOW HITPOINT WARNING * * *
The gnoll hits you but does no damage. You block the gnoll sergeant's attack.
You barely miss Grum.
Grum is severely wounded.
You block Grum's attack.
The gnoll bouda barks out a call to the hunt!
The gnoll picks up the pace!
The gnoll hits you but does no damage.
The gnoll sergeant hits you with a +0 bardiche!
You die...

≈..###.8.......8.##
≈..#|#............## ≈♣
≈..#.#....)....÷...# .≈♣
≈..#.#...#####.)...# .≈♣
≈..#.'..##...##)...#..≈♣
≈..######.....###'##..≈♣
...'.).#.......#.)....≈♣
...'...'...8(..))g....≈♣
...'...#.......#@g....≈♣
≈..######.....###g##..≈♣
≈..# + ##...##g.g.#..≈♣
≈..# #g..#####h..g.# .≈♣
≈..# #..gg.'..g....# .≈♣
≈..# #....g#......## ≈♣
≈..###.8.g #...8.##
≈≈...#### #######
♣≈≈≈≈≈≈≈≈≈≈≈


You could see Grum (berserk), a gnoll sergeant (swift), a gnoll bouda (swift)
and 2 gnolls.

Vanquished Creatures
  A two-headed ogre (D:10)
  A hornet (D:8)
  2 trolls
  A vampire (D:9)
  A shadow (D:9)
  Eustachio (D:5)
  4 yaks (D:9)
  5 steam dragons
  4 water moccasins
  3 black bears
  An orc warrior (D:9)
  A sky beast (D:7)
  4 ice beasts
  3 ogres
  4 wolves (Bailey)
  2 centaurs
  3 phantoms
  A kobold brigand (Sewer)
  5 bullfrogs
  7 gnoll sergeants
  10 scorpions
  3 wights (D:8)
  6 killer bees
  7 hounds
  7 jellies
  4 orc priests
  8 gnoll boudas
  8 orc wizards
  3 iguanas
  3 sleepcaps
  A mummy (D:5)
  38 gnolls
  13 adders
  3 white imps
  An ufetubus (D:4)
  A worm (D:4)
  A dart slug (D:1)
  20 orcs
  9 ball pythons
  8 endoplasms
  10 giant cockroaches
  11 goblins
  8 hobgoblins
  6 jackals
  11 quokkas
  8 bats
  4 frilled lizards
  18 kobolds
  4 rats
288 creatures vanquished.

Notes
Turn   | Place    | Note
-------+----------+-------------------------------------------
     0 | D:1      | Dittersdorf the Gargoyle Fighter began the quest for the
                  | Orb.
     0 | D:1      | Reached XP level 1. HP: 14/14 MP: 1/1
    32 | D:1      | Found Iviry's Weapon Shoppe.
   214 | D:1      | Reached XP level 2. HP: 19/19 MP: 2/2
   323 | D:1      | Reached XP level 3. HP: 23/23 MP: 3/3
   748 | D:2      | Reached XP level 4. HP: 29/29 MP: 4/4
   912 | D:2      | Found an ornate altar of the Wu Jian Council.
  1466 | D:3      | Reached XP level 5. HP: 31/33 MP: 5/5
  1831 | D:3      | Identified the +4 quarterstaff of Wing {heavy, Str+4}
  2272 | D:3      | Found a glowing golden altar of the Shining One.
  2274 | D:3      | Noticed an angel
  2287 | D:3      | Found a basalt altar of Yredelemnul.
  2289 | D:3      | Noticed a profane servitor
  2602 | D:3      | Became a worshipper of the Shining One
  2781 | D:4      | Found an opulent altar of Gozag.
  2807 | D:4      | Reached XP level 6. HP: 39/39 MP: 6/6
  2952 | D:4      | Noticed a black bear
  2961 | D:4      | Killed a black bear
  2962 | D:4      | Reached skill level 5 in Fighting
  2962 | D:4      | Reached skill level 5 in Armour
  2962 | D:4      | Reached skill level 5 in Shields
  2986 | D:4      | Reached XP level 7. HP: 40/44 MP: 7/7
  3104 | D:4      | Found a glowing drain.
  3117 | Sewer    | Entered a sewer
  3196 | Sewer    | Reached * piety under the Shining One
  3440 | D:4      | The Shining One protects you from harm!
  3756 | D:4      | Found a runed translucent gate.
  3757 | D:4      | Found a runed translucent gate.
  3757 | D:4      | Identified the +6 spear of Misery {freeze, rF- MP+9 Int+2}
  3757 | D:4      | Identified the +7 ring mail "Ikhlyr" {Harm rPois}
  3757 | D:4      | Noticed IdlyInterested's ghost (novice DsWn)
  3758 | D:4      | Found a runed translucent gate.
  3851 | D:5      | Entered Level 5 of the Dungeon
  3977 | D:5      | Found a staircase to the Ecumenical Temple.
  3981 | D:5      | Reached XP level 8. HP: 48/51 MP: 8/8
  4100 | D:5      | Reached skill level 5 in Maces & Flails
  4365 | D:5      | Noticed Eustachio
  4382 | D:5      | Killed Eustachio
  4440 | D:5      | Found a snail-covered altar of Cheibriados.
  4643 | D:5      | Found a white marble altar of Elyvilon.
  4755 | D:5      | Found a stormy altar of Qazlal.
  4755 | D:5      | Found an ancient bone altar of Kikubaaqudgha.
  4858 | D:6      | Reached ** piety under the Shining One
  4864 | D:6      | Reached XP level 9. HP: 53/56 MP: 9/9
  4900 | D:6      | Noticed a troll
  4907 | D:6      | Killed a troll
  5050 | D:6      | Found Fogudof's Distillery.
  5056 | D:6      | Bought 2 potions of heal wounds for 130 gold pieces
  5056 | D:6      | Bought a potion of heal wounds for 65 gold pieces
  5189 | D:6      | Found Timuty's Antique Weapon Shoppe.
  5212 | D:6      | HP: 2/59 [gnoll/+0 club[a gnoll bouda] (6)]
  5832 | D:6      | Reached XP level 10. HP: 61/64 MP: 10/10
  5890 | D:6      | Found Qamaonlau's General Store.
  5898 | D:6      | Bought a scroll of blinking for 97 gold pieces
  6029 | D:6      | Found a shadowy altar of Dithmenos.
  6030 | D:6      | Found a hazy altar of Hepliaklqana.
  6058 | D:6      | Found Ulutuo Koumo's Book Emporium.
  6466 | D:7      | Found a broken altar of Ashenzari.
  7329 | D:8      | Found a sparkling altar of Nemelex Xobeh.
  7909 | D:8      | Reached *** piety under the Shining One
  8019 | D:9      | Found a hide-covered altar of Uskayaw.
  8423 | D:9      | Found a shimmering altar of Xom.
  8451 | D:9      | Found a runed translucent gate.
  8457 | D:9      | Found a runed translucent gate.
  8457 | D:9      | Found a runed translucent gate.
  8461 | D:9      | Noticed Sleet's ghost (novice MiFi)
  8747 | D:9      | Reached XP level 11. HP: 58/71 MP: 11/11
  8813 | D:9      | Found an iron altar of Okawaru.
  8813 | D:9      | Found a bloodstained altar of Trog.
  9021 | D:10     | Entered Level 10 of the Dungeon
  9022 | D:10     | Noticed a two-headed ogre
  9033 | D:10     | Killed a two-headed ogre
  9056 | D:10     | Found a flagged portal.
  9099 | D:9      | Reached skill level 10 in Armour
  9133 | Bailey   | Entered a bailey
  9141 | Bailey   | Reached skill level 10 in Shields
  9334 | Bailey   | Reached skill level 10 in Fighting
  9550 | Bailey   | HP: 3/72 [gnoll sergeant/+0 glaive (5)]
  9587 | Bailey   | HP: 3/72 [gnoll bouda/+0 trident (8)]
  9841 | Bailey   | Reached **** piety under the Shining One
  9842 | Bailey   | Noticed Grum
  9874 | Bailey   | Slain by a gnoll sergeant

Illustrated notes

Levels and vault maps discovered:
D:1:      wander_arrival_chamber, layout_basic, serial_shops, shop,
          serial_corexii_hall, chequers_hall_statues_corner_a,
          chequers_hall_statues_wall_a, st_stairs_3
D:2:      layout_loops_cross, basic_altar, st_stairs_10
D:3:      layout_basic, grunt_temple_overflow_holy_war,
          kennysheep_generic_room_4
D:4:      layout_loops_ring, nicolae_overflow_hidden_temple,
          biasface_ghost_orc_armoury, gup_sewer_entry_pipe
D:5:      layout_basic, mainiacjoe_overflow_surrounded_room, slow_altar_1,
          gammafunk_temple_overflow_elements, minmay_temple_entry_mist,
          uniq_eustachio
D:6:      hangedman_cross_stitches, layout_gridville,
          riverfiend_overflow_shadow_ancestor, serial_shops, kennysheep_mini,
          shop, shop, shop, st_stairs_14
D:7:      layout_basic, nicolae_ashenzari_skybound
D:8:      layout_loops_ring, kennysheep_little_box
D:9:      layout_basic, grunt_temple_overflow_bloody_war,
          nicolae_uskayaw_dance_hall, mainiacjoe_overflow_six_doors_small,
          ebering_ghost_rock_garden
D:10:     layout_basic, overflow_temple_1_default, erik_lair_dragon, erik_orc_2,
          serial_corexii_hall, corexii_hall_statues_s, corexii_hall_statues_l,
          chequers_hall_statues_corner_a, corexii_hall_statues_x,
          enter_bailey_4, minmay_between
Bailey:   bailey_polearm_gnolls_kennysheep, bailey

Skill      XL: |  1  2  3  4  5  6  7  8  9 10 11 |
---------------+----------------------------------+-----
Armour         | 4 5 6 8 9 10 | 10.2
Fighting       | 4 5 6 8 9 10 | 10.1
Shields        | 4 5 6 8 9 10 | 10.1
Maces & Flails | 3 4 5 7 8 9 |  9.0

Action                     |  1- 3 |  4- 6 |  7- 9 | 10-12 || total
---------------------------+-------+-------+-------+-------++-------
  Melee: Whip              |    87 |    76 |       |       ||   163
         Flail             |     5 |    86 |       |       ||    91
         Morningstar       |       |    14 |   274 |   347 ||   635
  Throw: Throwing net      |       |       |       |     1 ||     1
 Invoke: Divine Shield     |       |       |       |     4 ||     4
    Use: Scroll            |       |    11 |    10 |     4 ||    25
         Potion            |       |       |       |    11 ||    11
 Armour: Scale mail        |    38 |    84 |   138 |    79 ||   339
         Chain mail        |       |       |       |   231 ||   231
  Dodge: Dodged            |    34 |   116 |   230 |   418 ||   798
  Block: Buckler           |    19 |    32 |    76 |   202 ||   329

Table legend: (Time is in decaauts)
 A = Elapsed time spent in this place.
 B = Non-inter-level travel time spent in this place.
 C = Inter-level travel time spent in this place.
 D = Time resting spent in this place.
 E = Time spent auto-exploring this place.
 F = Levels seen in this place.
 G = Mean time per level.
                   A        B        C        D        E       F      G
               +--------+--------+--------+--------+--------+-----+--------+
         Total |  10058 |   9641 |    417 |    790 |   6333 |  12 |  838.2 |
       Dungeon |   9017 |   8600 |    417 |    458 |   6159 |  10 |  901.7 |
         Sewer |    290 |    290 |      0 |      0 |    173 |   1 |  290.0 |
        Bailey |    750 |    750 |      0 |    332 |      0 |   1 |  750.0 |
               +--------+--------+--------+--------+--------+-----+--------+

Top non-repeatable levels by time:
     D:5: 1297 daAuts
     D:3: 1268 daAuts
     D:6: 1222 daAuts
     D:9: 1121 daAuts
     D:4: 980 daAuts
     D:7: 845 daAuts
     D:8: 783 daAuts
  Bailey: 750 daAuts
     D:2: 727 daAuts
     D:1: 669 daAuts
   Sewer: 290 daAuts
    D:10: 100 daAuts
